cohdb
Replays
Latest Replays
All Replays
Popular Replays
Top Player Replays
Match Explorer
How It Works
Community
CoH3 Stats
Reddit
Sign in to upload your games and track your stats! →
Sign in with Steam
Match 43299499
Unlisted
Match 43299499
Overview
Messages
Build Orders
End
Kettenkrad Recon Vehicle
Construct Infanterie Kompanie
Selects Mechanized Battlegroup
MG 42 Machine Gun Team
GrW 34 Mortar Team
Medical Station
Grenadier Squad
Infanterie Officer Quarters
Selects Mobile Repair Stations
MG 42 Machine Gun Team
Construct Panzergrenadier Kompanie
251 Medium Carrier
Panzergrenadier Officer Quarters
Pak 40 Anti-tank Gun Team
Pak 40 Anti-tank Gun Team
Selects Wespe Self-propelled Artillery
Support Elements
Selects Zeroing Artillery Barrage
Nebelwerfer 42 Rocket Launcher Team
Marduk
Timezeit
СМЕТАНКА
LuiSBa
PAUG.S®
Luque
0
0
Comments
sign in to comment!
No comments posted yet!